 Dungeon Crawl Stone Soup version 0.25-a0-577-ga4619f409e (webtiles) character file.

Game seed: 3607073664125388798, levelgen mode: deterministic

18825 Varamon101 the Basher (level 12, -4/110 HPs)
             Began as a Deep Dwarf Fighter on Feb 29, 2020.
             Was a High Priest of the Shining One.
             Slain by a very large slime creature (39 damage)
             ... on level 13 of the Dungeon on Mar 2, 2020.
             The game lasted 01:38:01 (10853 turns).

Varamon101 the Basher (Deep Dwarf Fighter)         Turns: 10853, Time: 01:38:01

Health: -4/110     AC: 24    Str: 25    XL:     12   Next: 31%
Magic:  3/3        EV:  7    Int:  9    God:    the Shining One [*****.]
Gold:   402        SH: 15    Dex: 12    Spells: 10/11 levels left

rFire    . . .     SeeInvis .   v - +3 flail (protect)
rCold    . . .     Gourm    .   c - +0 kite shield
rNeg     + + .     Faith    .   k - +0 plate armour
rPois    .         Spirit   .   G - +0 helmet
rElec    .         Reflect  +   E - +0 cloak
rCorr    .         Harm     .   (no gloves)
MR       +....                  (no boots)
Stlth    ..........             l - +2 amulet of reflection
HPRegen  0.00/turn              q - ring of wizardry
MPRegen  0.08/turn              t - ring of attention (curse)

@: protection aura, non-regenerating, glowing
A: damage resistance, heal wounds, sense surroundings 2, no regeneration
a: Heal Wounds, Divine Shield, Cleansing Flame, Summon Divine Warrior, Renounce
Religion


You were on level 13 of the Dungeon.
You worshipped the Shining One.
The Shining One was extremely pleased with you.
You were not hungry.

You visited 1 branch of the dungeon, and saw 13 of its levels.

You collected 542 gold pieces.
You spent 140 gold pieces at shops.

Inventory:

Hand Weapons
 v - a +3 flail of protection (weapon)
Armour
 c - a +0 kite shield (worn)
 k - a +0 plate armour (worn)
 E - a +0 cloak (worn)
 G - a +0 helmet (worn)
 O - a +3 troll leather armour {Snorg}
Jewellery
 a - an uncursed ring of protection from fire {unknown}
 l - a +2 amulet of reflection (around neck)
 m - an uncursed amulet of harm
 q - a ring of wizardry (left hand)
 t - a cursed ring of attention (right hand)
 x - a cursed -3 ring of strength {unknown}
 P - an uncursed amulet of rage
 Q - an uncursed amulet of magic regeneration {unknown}
Wands
 b - a wand of enslavement (28)
 I - a wand of flame (27)
 J - a wand of polymorph (10)
 K - a wand of iceblast (10)
Scrolls
 d - 3 scrolls of noise {unknown}
 e - 7 scrolls of identify {unknown}
 j - 3 scrolls of fear {unknown}
 n - 2 scrolls of magic mapping {unknown}
 p - 3 scrolls of immolation {unknown}
 r - a scroll of enchant weapon {unknown}
 s - 4 scrolls of teleportation {unknown}
 u - 2 scrolls of amnesia {unknown}
 y - a scroll of random uselessness {unknown}
 A - 2 scrolls of enchant armour {unknown}
 B - 2 scrolls of remove curse {unknown}
 C - a scroll of silence {unknown}
 F - a scroll of fog {unknown}
 M - a scroll of blinking {unknown}
 N - a scroll of vulnerability {unknown}
Potions
 g - 2 potions of flight {unknown}
 h - 3 potions of mutation {unknown}
 i - 4 potions of brilliance {unknown}
 o - 3 potions of stabbing {unknown}
 w - a potion of invisibility {unknown}
 z - a potion of curing
 D - a potion of lignification {unknown}
 H - a potion of haste {unknown}
 L - a potion of magic {unknown}
Comestibles
 f - 20 rations


   Skills:
 + Level 7.8 Fighting
   Level 5.5(10.3) Axes
 + Level 12.3(12.6) Maces & Flails
 + Level 9.8 Armour
 + Level 2.4 Dodging
 + Level 2.2 Stealth
 + Level 11.3 Shields
 + Level 0.1 Invocations


You had 10 spell levels left.
You knew the following spells:

 Your Spells              Type           Power        Failure   Level  Hunger
a - Magic Dart            Conj           #...         92%         1    ##.....

Your spell library contained the following spells:

 Spells                   Type           Power        Failure   Level  Hunger
 Blink                    Tloc           N/A          98%         2    ###....
 Call Imp                 Summ           #.......     98%         2    ###....
 Slow                     Hex            #.......     98%         2    ###....
 Conjure Flame            Conj/Fire      #.......     100%        3    ####...
 Mephitic Cloud           Conj/Pois/Air  #.......     100%        3    ####...
 Bolt of Magma            Conj/Fire/Erth #.........   100%        5    ######.
 Iskenderun's Battlesphe  Conj/Chrm      #.......     100%        5    ######.
 Iron Shot                Conj/Erth      #.........   100%        6    #######
 Orb of Destruction       Conj           #.........   100%        7    #######
 Spellforged Servitor     Conj/Summ      #.........   100%        7    #######


Dungeon Overview and Level Annotations

Branches:
Dungeon (13/15)              Lair (0/6) D:10            Orc (0/2) D:10
 Temple: D:4-7       Vaults: D:13-14

Altars:
Ashenzari
The Shining One
Beogh

Shops:
D:4 !

Portals:
Bailey: D:7

Annotations:
D:12 2 transporters, exclusion: ice statue


Innate Abilities, Weirdness & Mutations

You are resistant to damage.
You can heal yourself by infusing magical energy.
You passively map the area around you.
You do not regenerate.


Message History

You block the very large slime creature's attack.
The slime creature hits you but does no damage.
You hit the slime creature.
The slime creature is almost dead.
The slime creature completely misses you.
You block the very large slime creature's attack.
The slime creature hits you but does no damage.
You hit the slime creature.
The slime creature is almost dead.
The slime creature hits you.
The very large slime creature hits you!!
* * * LOW HITPOINT WARNING * * *
You completely miss the slime creature.
The slime creature is almost dead.
The slime creature completely misses you.
The slime creature hits you!
* * * LOW HITPOINT WARNING * * *
You feel much better.
The very large slime creature hits you!!!
You die...

.#.## #. *, * * [..# * ..
, , ##.# ** *,, #. * ,*
...# ..# #.### *, * .###
, #./, ..., , * , .#
,##.#####.# * ** ,* .#
*......##.##### .# ###
*#.##.JJ.....#* ,
.######.##*#.##.@J.....#
......^#.###.....(.....#
,
.....)).....>รท.........#
*
....))...#..###........#
, .####.#.##..#
#........# * .# #.#.....#
#........# .#
#.####.##...########
.####.####.##.####
...##.......^....#***


You could see a very large slime creature and 2 slime creatures.

Vanquished Creatures
  Snorg (D:12)
  A hydra (D:12)
  Erica (D:11)
  Urug (D:10)
  A shock serpent (shapeshifter) (D:13)
  An unseen horror (D:13)
  2 ugly things (D:11)
  A cyclops (D:11)
  Psyche (D:11)
  A kobold demonologist (D:13)
  Maggie (D:6)
  2 hornets
  Prince Ribbit (D:6)
  A hippogriff (D:13)
  2 shadows
  A wyvern (D:13)
  13 yaks
  2 wraiths
  A human (D:8)
  3 hogs (D:8)
  2 hungry ghosts
  Eustachio (D:7)
  A steam dragon (D:10)
  Grum (D:10)
  Edmund (D:5)
  2 water moccasins
  An acid dragon (D:12)
  2 porcupines (D:10)
  5 orc warriors
  3 sky beasts
  2 black bears (D:10)
  A necrophage (D:9)
  2 ice beasts
  2 phantoms
  4 ogres
  17 centaurs
  4 wolves (D:10)
  A crocodile (D:10)
  Blork the orc (D:7)
  2 big kobolds
  9 bullfrogs
  2 gnoll sergeants (D:7)
  2 wyvern skeletons
  A scorpion (D:10)
  13 wights
  12 killer bees
  4 electric eels (D:12)
  2 howler monkeys
  4 crimson imps
  8 hounds
  A bullfrog zombie (D:12)
  2 jellies
  5 orc priests
  8 orc wizards
  2 centaur skeletons
  Jessica (D:2)
  Natasha (D:2)
  2 bullfrog skeletons
  8 worker ants
  A hound skeleton (D:3)
  A howler monkey zombie (D:9)
  11 adders
  4 shadow imps
  2 worms
  An adder zombie (D:6)
  A dart slug (D:2)
  2 leopard geckos
  35 orcs
  11 bats
  5 giant cockroaches
  16 goblins
  13 hobgoblins
  6 jackals
  3 quokkas
  6 frilled lizards
  11 kobolds
  7 rats
  A fungus (D:10)
  2 plants
319 creatures vanquished.

Vanquished Creatures (others)
  2 manticores
  An orc (D:8)
  8 fungi (D:10)
  4 plants (D:10)
15 creatures vanquished.

Grand Total: 334 creatures vanquished

Notes
Turn   | Place    | Note
-------+----------+-------------------------------------------
     0 | D:1      | Varamon101 the Deep Dwarf Fighter began the quest for the
                  | Orb.
     0 | D:1      | Reached XP level 1. HP: 20/20 MP: 1/1
   217 | D:1      | Reached XP level 2. HP: 22/27 MP: 2/2
   677 | D:1      | Reached XP level 3. HP: 28/34 MP: 3/3
  1180 | D:2      | Noticed Jessica
  1194 | D:2      | Killed Jessica
  2394 | D:2      | Reached XP level 4. HP: 42/42 MP: 4/4
  2513 | D:2      | Noticed Natasha
  2535 | D:2      | Killed Natasha
  2581 | D:2      | Reached skill level 1 in Dodging
  2599 | D:2      | Reached XP level 5. HP: 28/49 MP: 5/5
  2912 | D:3      | Found a faded altar of an unknown god.
  2916 | D:3      | Became a worshipper of the Shining One
  2916 | D:3      | Reached * piety under the Shining One
  3503 | D:4      | Found Qunodghe's Distillery.
  3534 | D:4      | Bought a potion of heal wounds for 70 gold pieces
  3534 | D:4      | Bought a potion of heal wounds for 70 gold pieces
  3540 | D:5      | Entered Level 5 of the Dungeon
  3540 | D:5      | Noticed a centaur
  3546 | D:5      | Killed a centaur
  3546 | D:5      | Reached XP level 6. HP: 53/56 MP: 6/6
  3603 | D:5      | Noticed Edmund
  3617 | D:5      | Killed Edmund
  3617 | D:5      | Reached skill level 5 in Axes
  3631 | D:5      | Found a shattered altar of Ashenzari.
  3943 | D:5      | Reached skill level 5 in Shields
  3943 | D:5      | Reached XP level 7. HP: 63/63 MP: 7/7
  4059 | D:5      | Reached skill level 1 in Maces & Flails
  4059 | D:5      | Reached skill level 5 in Armour
  4316 | D:6      | Noticed Maggie
  4334 | D:6      | Killed Maggie
  4334 | D:6      | Reached skill level 3 in Maces & Flails
  4334 | D:6      | Reached XP level 8. HP: 39/73 MP: 8/8
  4357 | D:6      | Noticed Prince Ribbit
  4389 | D:6      | Killed Prince Ribbit
  4389 | D:6      | Reached skill level 4 in Maces & Flails
  4392 | D:6      | Reached ** piety under the Shining One
  4442 | D:7      | Found a flagged portal.
  4459 | D:7      | Learned a level 1 spell: Magic Dart
  4504 | D:7      | Reached skill level 5 in Maces & Flails
  4594 | D:7      | Noticed Blork the orc
  4598 | D:7      | Noticed Eustachio
  4604 | D:7      | Killed Blork the orc
  4616 | D:7      | Killed Eustachio
  4616 | D:7      | Reached skill level 6 in Maces & Flails
  4650 | D:7      | Reached skill level 5 in Fighting
  4650 | D:7      | Gained mutation: You passively map the area around you.
                  | [Deep Dwarf growth]
  4650 | D:7      | Reached XP level 9. HP: 37/81 MP: 8/8
  4738 | D:7      | Reached skill level 7 in Maces & Flails
  5163 | D:8      | Reached *** piety under the Shining One
  5193 | D:8      | Reached skill level 8 in Maces & Flails
  5453 | D:8      | Reached XP level 10. HP: 21/91 MP: 6/6
  6122 | D:9      | Paralysed by fainting for 11 turns
  6153 | D:9      | Reached skill level 9 in Maces & Flails
  6193 | D:9      | Paralysed by fainting for 7 turns
  6640 | D:10     | Entered Level 10 of the Dungeon
  6765 | D:10     | Paralysed by a hornet for 3 turns
  6781 | D:10     | Paralysed by a hornet for 1 turns
  6786 | D:10     | Paralysed by a hornet for 1 turns
  6929 | D:10     | Found a staircase to the Orcish Mines.
  6974 | D:10     | Found a staircase to the Lair.
  7017 | D:10     | Reached **** piety under the Shining One
  7064 | D:10     | Noticed Urug
  7080 | D:10     | Killed Urug
  7080 | D:10     | Reached skill level 10 in Maces & Flails
  7215 | D:10     | Reached XP level 11. HP: 43/99 MP: 5/5
  7454 | D:10     | Noticed Grum
  7471 | D:10     | Killed Grum
  7973 | D:11     | Noticed Erica
  7990 | D:11     | Killed Erica
  8148 | D:11     | Paralysed by fainting for 7 turns
  8156 | D:11     | Noticed a purple ugly thing
  8157 | D:11     | Noticed a cyan ugly thing
  8175 | D:11     | Killed a green ugly thing
  8180 | D:11     | Reached ***** piety under the Shining One
  8186 | D:11     | Killed a purple ugly thing
  8186 | D:11     | Reached skill level 11 in Maces & Flails
  8186 | D:11     | Reached skill level 10 in Shields
  8239 | D:11     | Noticed Psyche
  8255 | D:11     | Killed Psyche
  8703 | D:11     | Upgraded the game from 0.25-a0-571-gb5e01bddfa to
                  | 0.25-a0-577-ga4619f409e
  9334 | D:12     | Noticed a two-headed ogre
  9335 | D:12     | Found a roughly hewn altar of Beogh.
  9335 | D:12     | Noticed an orc high priest
  9460 | D:12     | Noticed an eight-headed hydra
  9470 | D:12     | Killed an eight-headed hydra
  9470 | D:12     | Reached XP level 12. HP: 63/109 MP: 4/4
  9601 | D:12     | Found a transporter.
  9602 | D:12     | Found a transporter.
  9615 | D:12     | Noticed Snorg
  9644 | D:12     | Killed Snorg
  9644 | D:12     | Reached skill level 12 in Maces & Flails
 10853 | D:13     | Slain by a very large slime creature

Levels and vault maps discovered:
D:1:      dpeg_arrival_subterranean_lakeside_camping, layout_basic,
          minmay_close_crescents
D:2:      layout_basic, chequers_serial_rivers_micro_a, minmay_goblin_outpost,
          uniq_natasha, uniq_jessica
D:3:      layout_loops_ring, chequers_ecumenical_altar_simple,
          serial_bayou_pond_d
D:4:      layout_loops_cross, minmay_temple_entry_statues_pillars, serial_shops,
          shop, minmay_misc_feat_rugged
D:5:      layout_loops_ring, overflow_temple_1_default, first_ration,
          uniq_edmund
D:6:      layout_loops_cross, cheibrodos_sewer_entry_bend, uniq_prince_ribbit1,
          uniq_maggie
D:7:      layout_rooms, enter_bailey_2, sword_in_stone
D:8:      layout_cave_pools, grunt_livestock, minivault_19,
          minmay_strange_pillars
D:9:      layout_roguey
D:10:     layout_stronghold, due_lair_maze_entry_diamond, david_orc_2,
          uniq_urug, uniq_grum
D:11:     layout_long_grid, uniq_erica, uniq_psyche
D:12:     gammafunk_beogh_shrine, layout_basic, serial_shops, statue_bzr,
          disabler_island, uniq_snorg
D:13:     layout_loops_cross

Skill      XL: |  1  2  3  4  5  6  7  8  9 10 11 12 |
---------------+-------------------------------------+-----
Fighting       | 3 4 5 6 7 |  7.8
Axes           | 3 4 5 |  5.5
Armour         | 4 5 6 7 8 9 |  9.8
Dodging        | 1 2 |  2.4
Shields        | 4 5 6 7 9 10 11 | 11.3
Maces & Flails | 3 6 8 10 11 12 | 12.3
Stealth        | 2 |  2.2
Invocations    | |  0.1

Action                   |  1- 3 |  4- 6 |  7- 9 | 10-12 || total
-------------------------+-------+-------+-------+-------++-------
Melee: War axe           |    93 |   194 |       |       ||   287
       Flail             |       |    10 |   270 |   799 ||  1079
Invok: Divine Shield     |       |       |       |     1 ||     1
 Abil: Heal Wounds       |     1 |       |    10 |    27 ||    38
  Use: Potion            |       |     4 |     1 |     6 ||    11
  Eat: Ration            |     2 |     1 |     2 |     7 ||    12
Armor: Scale mail        |    56 |       |       |       ||    56
       Plate armour      |       |   128 |   138 |   396 ||   662
Dodge: Dodged            |    34 |    37 |    62 |   168 ||   301
Block: Kite shield       |    69 |   155 |   196 |   564 ||   984
       Reflection        |       |     6 |    10 |    15 ||    31

Table legend:
 A = Non-vault XP
 B = Vault XP
 C = Vault XP percentage of total XP
 D = Non-vault monster count
 E = Vault monster count
 F = Vault count percentage of total count
                 A         B        C        D         E       F
            +---------+---------+-------+---------+---------+-------
      Total |   19254 |    7640 |  28.4 |     262 |      57 |  17.9
            +---------+---------+-------+---------+---------+-------
        D:1 |      29 |      14 |  32.6 |      16 |       9 |  36.0
        D:2 |      68 |      90 |  57.0 |      15 |      10 |  40.0
        D:3 |      92 |       0 |   0.0 |      28 |       0 |   0.0
        D:4 |       8 |       0 |   0.0 |       2 |       0 |   0.0
        D:5 |     719 |     178 |  19.8 |      12 |       1 |   7.7
        D:6 |     123 |     625 |  83.6 |       2 |       2 |  50.0
        D:7 |     779 |     587 |  43.0 |      14 |       5 |  26.3
        D:8 |    1497 |    1010 |  40.3 |      23 |       5 |  17.9
        D:9 |    2225 |       0 |   0.0 |      36 |       0 |   0.0
       D:10 |    1836 |    2464 |  57.3 |      27 |      18 |  40.0
       D:11 |    6452 |    1341 |  17.2 |      48 |       2 |   4.0
       D:12 |    2374 |    1331 |  35.9 |      23 |       5 |  17.9
       D:13 |    3052 |       0 |   0.0 |      16 |       0 |   0.0
            +---------+---------+-------+---------+---------+-------
